 Dungeon Crawl Stone Soup version 0.23-a0-422-g30b1108 (webtiles) character file.

183752 Amnesiac the Imperceptible (level 17, -1/89 HPs)
             Began as a Spriggan Enchanter on Nov 14, 2018.
             Was the Champion of Dithmenos.
             Shot with an arrow by a deep elf master archer (19 damage)
             ... on level 3 of the Elven Halls on Nov 15, 2018.
             The game lasted 02:12:02 (37004 turns).

Amnesiac the Imperceptible (Spriggan Enchanter)    Turns: 37004, Time: 02:12:04

Health: -1/89      AC: 15    Str:  4    XL:     17   Next: 75%
Magic:  19/32      EV: 32    Int: 28    God:    Dithmenos [******]
Gold:   2633       SH: 15    Dex: 22    Spells: 4/36 levels left

rFire    + . .     SeeInvis +   a - +3 dagger (freeze)
rCold    . . .     Gourm    .   U - +2 buckler {rC+}
rNeg     . . .     Faith    .   C - +5 steam dragon scales
rPois    .         Spirit   .   R - +2 hat {Int+3}
rElec    .         Reflect  +   V - +2 cloak {MR+}
rCorr    .         Harm     .   (gloves unavailable)
MR       ++++.                  (boots unavailable)
Stlth    ++++++++++             M - +4 amulet of reflection
HPRegen  0.24/turn              H - ring of fire
MPRegen  0.23/turn              Q - ring "Elamp" {MR+ Int+3 Dex+4}

@: about to teleport, wreathed by umbra, studying Charms, very quick
A: very small, unfitting armour, see invisible, herbivore, speed 3, slow
metabolism 2
a: Shadow Step, Shadow Form, Renounce Religion


You were on level 3 of the Elven Halls.
You worshipped Dithmenos.
Dithmenos was exalted by your worship.
You were full.

You visited 7 branches of the dungeon, and saw 30 of its levels.
You also visited: Labyrinth, Bailey, Ice Cave and Volcano.

You collected 3681 gold pieces.
You spent 1048 gold pieces at shops.

Inventory:

Hand Weapons
 a - a +3 dagger of freezing (weapon)
 b - a +0 rapier of electrocution
 t - the +10 zealot's sword {holy, *Rage rN+ EV+3}
   (You found it on level 2 of the Elven Halls)

   It has been blessed by the Shining One to cause great damage to the undead
   and demons.
   It affects your evasion (+3).
   It protects you from negative energy.
   It may make you go berserk in combat.
Armour
 C - +5 steam dragon scales (worn)
 R - a +2 hat of intelligence (worn)
 U - a +2 buckler of cold resistance (worn)
 V - a +2 cloak of magic resistance (worn)
 W - a scarf of spirit shield
 X - a +0 buckler of poison resistance
Jewellery
 f - an uncursed ring of wizardry
 H - a ring of fire (left hand)
 K - an uncursed ring of poison resistance
 M - a +4 amulet of reflection (around neck)
 Q - the ring "Elamp" (right hand) {MR+ Int+3 Dex+4}
   (You took it off a centaur on level 13 of the Dungeon)

   [ring of protection from magic]

   It affects your intelligence (+3).
   It affects your dexterity (+4).
   It affects your resistance to hostile enchantments.
 Y - the ring of Miqukor {rC+ Int+3}
   (You found it on level 5 of the Lair of Beasts)

   [ring of intelligence]

   It affects your intelligence (+3).
   It protects you from cold.
Wands
 d - a wand of enslavement (20)
 m - a wand of paralysis (22)
 v - a wand of digging (2)
 w - a wand of acid (4)
 G - a wand of iceblast (4)
 O - a wand of clouds (6)
 Z - a wand of scattershot (6)
Scrolls
 c - 5 scrolls of enchant weapon {!r}
 e - 19 scrolls of teleportation {!r}
 g - 8 scrolls of amnesia {!r}
 h - 6 scrolls of identify {!r}
 i - 3 scrolls of fog {!r}
 j - 14 scrolls of remove curse {!r}
 u - 4 scrolls of magic mapping {!r}
 x - 3 scrolls of fear {!r}
 y - 4 scrolls of blinking {!r}
 B - 2 scrolls of holy word {!r}
 J - 5 scrolls of vulnerability {!r}
 P - a scroll of silence {!r}
 T - a scroll of summoning {!r}
Potions
 l - 4 potions of heal wounds {!q}
 o - 3 potions of brilliance {!q}
 q - 3 potions of flight {!q}
 r - 2 potions of curing {!q}
 s - 3 potions of agility {!q}
 z - 3 potions of berserk rage {!q}
 A - 3 potions of cancellation {!q}
 D - 4 potions of mutation {!q}
 E - 2 potions of resistance {!q}
 F - 6 potions of lignification {!q}
 L - a potion of invisibility {!q}
 N - 4 potions of might {!q}
Books
 k - a manual of Charms
Miscellaneous
 p - a box of beasts
 I - a fan of gales
 S - a lightning rod (4/4)
Comestibles
 n - 26 rations


   Skills:
 - Level 10.0 Fighting
 - Level 10.0 Short Blades
 - Level 13.0 Dodging
 + Level 23.2 Stealth
 - Level 7.2 Shields
 - Level 10.0 Spellcasting
 - Level 4.0 Conjurations
 - Level 10.0 Hexes
 + Level 5.4 Charms
 - Level 9.0 Translocations
 + Level 8.4 Transmutations
 - Level 4.0 Earth Magic
 - Level 12.0 Invocations
 - Level 9.0 Evocations


You had 4 spell levels left.
You knew the following spells:

 Your Spells              Type           Power        Failure   Level  Hunger
a - Ensorcelled Hibernat  Hex/Ice        #####.       1%          2    None
b - Passwall              Tmut/Erth      #####...     1%          2    None
c - Mephitic Cloud        Conj/Pois/Air  ###.....     7%          3    None
d - Dazzling Spray        Conj/Hex       ######       1%          3    None
e - Confuse               Hex            ######..     1%          3    None
f - Invisibility          Hex            ######..     10%         6    #####..
g - Summon Butterflies    Summ           ##......     4%          1    None
h - Corona                Hex            ######.      1%          1    None
r - Regeneration          Chrm/Necr      ####......   4%          3    None
s - Conjure Flame         Conj/Fire      #####...     5%          3    None
v - Blink                 Tloc           N/A          1%          2    None
w - Tukima's Dance        Hex            ######..     1%          3    None

Your spell library contained the following spells:

 Spells                   Type           Power        Failure   Level  Hunger
 Apportation              Tloc           ######       1%          1    None
 Beastly Appendage        Tmut           ######       1%          1    None
 Magic Dart               Conj           ####         1%          1    None
 Sandblast                Erth           #####.       1%          1    None
 Slow                     Hex            ######..     1%          2    None
 Sticks to Snakes         Tmut           ######..     1%          2    None
 Lesser Beckoning         Tloc           ######....   1%          3    None
 Spider Form              Tmut/Pois      #####.....   2%          3    None
 Stone Arrow              Conj/Erth      #####.       2%          3    None
 Leda's Liquefaction      Hex/Erth       ######....   2%          4    None
 Petrify                  Tmut/Erth      #####...     3%          4    None
 Animate Skeleton         Necr           N/A          4%          1    None
 Pain                     Necr           ##..         4%          1    None
 Call Imp                 Summ           ##......     6%          2    None
 Ice Form                 Ice/Tmut       #####...     7%          4    None
 Vampiric Draining        Necr           ##........   12%         3    None
 Animate Dead             Necr           N/A          36%         4    None
 Blade Hands              Tmut           ######....   3%          5    ###....
 Irradiate                Conj/Tmut      #####.....   9%          5    ###....
 Metabolic Englaciation   Hex/Ice        #####.....   14%         5    ###....
 Hydra Form               Tmut           ######....   19%         6    #####..
 Alistair's Intoxication  Tmut/Pois      #####...     21%         5    ###....
 Lee's Rapid Deconstruct  Erth           #####.....   22%         5    ###....
 Bolt of Magma            Conj/Fire/Erth #####.....   36%         5    ###....
 Statue Form              Tmut/Erth      #####....    43%         6    #####..
 Dragon Form              Tmut           ######....   71%         7    ######.
 Iron Shot                Conj/Erth      #####.....   75%         6    #####..
 Bolt of Cold             Conj/Ice       ####......   95%         6    #####..
 Poison Arrow             Conj/Pois      ####......   95%         6    #####..
 Freezing Cloud           Conj/Ice/Air   ###.......   98%         6    #####..
 Ozocubu's Refrigeration  Ice            ##........   99%         6    #####..
 Simulacrum               Ice/Necr       ##........   99%         6    #####..
 Haunt                    Necr/Summ      ##........   100%        7    ######.
 Borgnjor's Revivificati  Necr           ##........   100%        8    #######
 Chain Lightning          Conj/Air       ####......   100%        8    #######
 Death's Door             Chrm/Necr      ####......   100%        8    #######
 Infestation              Necr           ##........   100%        8    #######
 Lehudib's Crystal Spear  Conj/Erth      #####.....   100%        8    #######
 Necromutation            Tmut/Necr      #####.....   100%        8    #######
 Fire Storm               Conj/Fire      #####.....   100%        9    #######
 Glaciate                 Conj/Ice       ####......   100%        9    #######
 Shatter                  Erth           #####.....   100%        9    #######


Dungeon Overview and Level Annotations

Branches:
Dungeon (15/15)            Temple (1/1) D:5            Lair (6/6) D:10
  Swamp (0/4) Lair:3       Spider (1/4) Lair:3        Slime (0/5) Lair:6
    Orc (2/2) D:11            Elf (3/3) Orc:2        Vaults (0/5) D:14
 Depths (2/5) D:15

Altars:
Ashenzari
Cheibriados
Dithmenos
Elyvilon
Fedhas
Gozag
Hepliaklqana
Kikubaaqudgha
Makhleb
Nemelex Xobeh
Okawaru
Qazlal
Ru
Sif Muna
Trog
Uskayaw
Vehumet
Wu Jian
Xom
Yredelemnul
Zin
The Shining One
Beogh

Shops:
D:5 [   D:7 }?:}!   D:9 [[%:?   Orc:2 *?[(   Depths:2 !

Portals:
Hell: Depths:1

Annotations:
D:3 1 transporter
Depths:2 the Enchantress


Innate Abilities, Weirdness & Mutations

You are very small and have problems with some larger weapons.
You are too small for most types of armour.
You have supernaturally acute eyesight. (SInv)
You are a herbivore.
You cover ground extremely quickly.
You need to consume almost no food.


Message History

The ball explodes into a vile cloud!
The stinking cloud engulfs the deep elf demonologist.
The stinking cloud engulfs the deep elf annihilator.
The deep elf annihilator is lightly wounded.
Your shadow mimicks your spell!
The shadow shard hits the deep elf demonologist.
You feel sick.
The deep elf demonologist is engulfed in noxious fumes.
The deep elf annihilator casts a spell at you.
The iron shot reflects off an invisible shield around you!
The iron shot hits the deep elf annihilator.
The deep elf annihilator is engulfed in noxious fumes.
The deep elf death mage grins madly.
The deep elf death mage hits you with a +2 vampiric short sword.
The deep elf annihilator mumbles some strange words.
The deep elf annihilator blinks!
You feel sick.
You block the deep elf death mage's attack.
The deep elf annihilator casts a spell.
The deep elf annihilator blinks!
The deep elf archer unwields a +1 trident of venom.
It stops dripping with poison.
The deep elf archer wields a +0 shortbow.
The deep elf archer shoots an arrow.
You reflect the arrow off an invisible shield around you!
The arrow is repelled.
The deep elf annihilator casts a spell.
The deep elf annihilator blinks!
The deep elf annihilator is engulfed in noxious fumes.
The deep elf annihilator gestures at you while chanting.
The crystal spear hits you!
Ouch! That really hurt!
* * * LOW HITPOINT WARNING * * *
You emit a cloud of dark smoke.
The deep elf death mage seems less confused.
The deep elf archer shoots an arrow.
You reflect the arrow off an invisible shield around you!
The arrow misses the deep elf archer.
There is an open door here.
You feel sick.
The deep elf death mage casts a spell at you.
The bolt of negative energy misses you.
The deep elf annihilator gestures wildly while chanting.
The deep elf annihilator blinks!
You close the door.
Really read
e - 21 scrolls of teleportation {!r}?
As you read the scroll of teleportation {!r}, it crumbles to dust.
You feel strangely unstable.
You feel sick.
A deep elf death mage opens the door.
The deep elf death mage beckons forth a restless soul!
You close the door.
A deep elf demonologist opens the door.
Really quaff
r - 3 potions of curing {!q}?
You feel better.
Your surroundings suddenly seem different.
A deep elf master archer comes into view.
Unknown command.
Really read
e - 20 scrolls of teleportation {!r}?
As you read the scroll of teleportation {!r}, it crumbles to dust.
You feel strangely unstable.
The deep elf master archer shouts!
You hear a shout! x2
The deep elf master archer wields a +0 longbow.
The deep elf master archer shoots an arrow.
The arrow hits you!!
You die...

..## ...# ....#
....# .....# .
#.....# ...
##......#
.....###@......#
..............##
..ee.........##
#............#
##.........###
#e..e....##
.'######### .


You could see a deep elf master archer, a deep elf annihilator, a deep elf
elementalist (wandering) and a deep elf demonologist (wandering).

Vanquished Creatures
  2 deep elf master archers (Elf:3)
  Asterion (Elf:1)
  2 deep elf blademasters
  Gastronok (Lair:2)
  Frances (D:14)
  8 deep elf sorcerers
  3 deep elf elementalists (Elf:3)
  A spriggan defender (D:15)
  A stone giant (Depths:1)
  6 deep elf annihilators (Elf:3)
  3 deep elf demonologists (Elf:3)
  A dire elephant (D:15)
  A minotaur (Lab)
  4 deep elf death magi
  Snorg (D:13)
  Josephine (D:10)
  A yaktaur captain (D:9)
  2 merfolk impalers
  A fire dragon (Depths:1)
  3 deep elf high priests (Elf:3)
  Harold (D:7)
  An ice dragon (D:12)
  8 hydras
  A vault guard (D:14)
  A catoblepas (Lair:2)
  12 two-headed ogres
  A death knight (D:12)
  3 ogre magi
  A merfolk avatar (D:14)
  4 tengu warriors (D:15)
  22 dancing weapons
  3 centaur warriors
  An orc high priest (Orc:1)
  Sonja (D:13)
  13 deep elf knights
  2 skeletal warriors (D:11)
  An unseen horror (D:15)
  3 hell knights
  2 wizards (Elf:1)
  5 deep elf archers
  11 orc knights
  Pikel (D:5)
  2 necromancers
  4 harpies (D:15)
  2 orc sorcerers
  11 ugly things
  5 oklob plants (Lair:6)
  4 cyclopes
  48 deep elf magi
  3 manticores
  7 elephants
  5 ice statues
  7 black mambas
  3 centaur zombies
  A gargoyle (D:9)
  A torpor snail (Lair:3)
  2 rime drakes
  8 spiny frogs
  A yaktaur (Depths:1)
  2 efreet
  3 komodo dragons
  A demonic crawler (Spider:1)
  2 freezing wraiths
  A kobold demonologist (D:13)
  7 ice devils
  A minotaur skeleton (Lab)
  6 polar bears
  A troll (D:15)
  A jumping spider (shapeshifter) (D:9)
  5 hornets
  Prince Ribbit (D:7)
  8 hippogriffs
  A dream sheep (Lair:6)
  9 slime creatures
  A hippogriff (shapeshifter) (Elf:3)
  13 blink frogs
  3 shadows
  Sigmund (D:6)
  3 air elementals
  2 wyverns
  10 spriggans
  4 wraiths
  2 vampires (D:13)
  3 fire elementals
  6 basilisks
  61 yaks
  2 hungry ghosts (Lab)
  Grum (D:10)
  2 steam dragons (D:6)
  9 vampire mosquitoes
  Menkaure (D:3)
  7 wargs (Orc:2)
  A soldier ant (shapeshifter) (Depths:1)
  15 water moccasins
  5 porcupines
  An eye of draining (D:13)
  60 orc warriors
  3 sky beasts
  2 phantoms
  4 slaves
  5 black bears
  9 ice beasts
  10 ogres
  5 boggarts
  25 wolves
  17 centaurs
  2 necrophages
  12 crocodiles
  6 big kobolds
  14 bullfrogs
  2 earth elementals
  3 wyvern skeletons
  A water moccasin skeleton (D:7)
  A scorpion (D:11)
  10 killer bees
  4 howler monkeys
  3 wights (D:9)
  3 electric eels (Lair:5)
  5 crimson imps
  3 draconian simulacra (IceCv)
  7 hounds
  14 orc priests
  Crazy Yiuf (D:7)
  A jelly (D:10)
  8 orc wizards
  7 centaur skeletons
  3 bullfrog skeletons
  An iguana (shapeshifter) (D:15)
  5 iguanas
  12 worker ants
  3 hound skeletons
  4 gnolls (D:6)
  A howler monkey skeleton (D:10)
  5 naga simulacra (IceCv)
  10 adders
  2 ogre simulacra (IceCv)
  4 shadow imps
  A white imp (Lair:5)
  2 oozes
  An adder zombie (D:7)
  2 worms
  2 dart slugs (D:1)
  3 leopard geckos
  112 orcs
  4 giant cockroaches
  10 goblins
  9 hobgoblins
  11 jackals
  32 kobolds
  3 quokkas
  A ball python zombie (D:3)
  7 bats
  9 frilled lizards
  A jackal zombie (D:6)
  A leopard gecko skeleton (D:4)
  A quokka skeleton (D:3)
  A quokka zombie (D:6)
  4 rats
  A fungus (Lair:6)
973 creatures vanquished.

Vanquished Creatures (others)
  A deep elf sorcerer (Elf:3)
  A deep elf high priest (Elf:3)
  A deep elf mage (Elf:3)
  A polar bear (D:12)
  A water elemental (Elf:3)
  An orc (Orc:2)
  9 fungi
  2 plants (Lair:6)
17 creatures vanquished.

Grand Total: 990 creatures vanquished

Notes
Turn   | Place    | Note
-------+----------+-------------------------------------------
     0 | D:1      | Amnesiac the Spriggan Enchanter began the quest for the
                  | Orb.
     0 | D:1      | Reached XP level 1. HP: 9/9 MP: 5/5
    30 | D:2      | Reached XP level 2. HP: 13/13 MP: 7/7
    34 | D:2      | Learned a level 2 spell: Ensorcelled Hibernation
    58 | D:2      | Found a bloodstained altar of Trog.
    60 | D:2      | Found an ornate altar of the Wu Jian Council.
    67 | D:2      | Found a radiant altar of Vehumet.
    68 | D:2      | Found a hide-covered altar of Uskayaw.
    69 | D:2      | Found a deep blue altar of Sif Muna.
    71 | D:2      | Found a shattered altar of Ashenzari.
   271 | D:4      | Reached skill level 5 in Stealth
   271 | D:4      | Reached XP level 3. HP: 16/16 MP: 2/8
   276 | D:4      | Learned a level 3 spell: Confuse
   494 | D:4      | Reached XP level 4. HP: 21/21 MP: 5/9
   503 | D:4      | Learned a level 3 spell: Tukima's Dance
   547 | D:4      | Reached skill level 6 in Stealth
   725 | D:3      | Found a basalt altar of Yredelemnul.
   725 | D:3      | Noticed a phantom
  1149 | D:3      | Killed a phantom
  1149 | D:3      | Reached XP level 5. HP: 24/24 MP: 1/10
  1268 | D:4      | Reached skill level 5 in Hexes
  1463 | D:4      | Reached skill level 7 in Stealth
  1647 | D:4      | Reached XP level 6. HP: 16/28 MP: 8/11
  1947 | D:5      | Entered Level 5 of the Dungeon
  2421 | D:5      | Reached skill level 8 in Stealth
  2638 | D:5      | Found Eseiluo's Antique Armour Shop.
  2727 | D:5      | Found a staircase to the Ecumenical Temple.
  2734 | Temple   | Entered the Ecumenical Temple
  2843 | Temple   | Became a worshipper of Dithmenos the Shadowed
  2898 | D:6      | Noticed a water moccasin
  2903 | D:6      | Killed a water moccasin
  2903 | D:6      | Reached XP level 7. HP: 32/32 MP: 7/12
  2927 | D:6      | Noticed Sigmund
  3203 | D:6      | Killed Sigmund
  3257 | D:6      | Reached XP level 8. HP: 31/36 MP: 9/13
  3266 | D:6      | Noticed Pikel
  3827 | D:1      | Reached skill level 10 in Hexes
  4334 | D:2      | Found an opulent altar of Gozag.
  4392 | D:2      | Reached * piety under Dithmenos
  5082 | D:3      | You fall through a shaft for 3 floors!
  5189 | D:5      | Killed Pikel
  5189 | D:5      | Reached skill level 5 in Short Blades
  5189 | D:5      | Reached skill level 5 in Spellcasting
  5636 | D:6      | Got a scorched short sword
  5854 | D:3      | Found a transporter.
  5858 | D:3      | Found a transporter.
  5877 | D:3      | Found an ancient bone altar of Kikubaaqudgha.
  5881 | D:3      | Noticed Menkaure
  6055 | D:3      | Reached XP level 9. HP: 39/39 MP: 19/19
  6491 | D:3      | Killed Menkaure
  6536 | D:3      | Identified the cursed +0 short sword of the Madman {drain,
                  | Str+4 SInv} (You found it on level 6 of the Dungeon)
  6676 | D:5      | Bought an embroidered robe for 122 gold pieces
  6854 | D:7      | Reached ** piety under Dithmenos
  6889 | D:7      | Found Mur Vut's Magic Scroll Shop.
  6892 | D:7      | Bought a scroll of fear for 52 gold pieces
  6892 | D:7      | Bought a scroll of amnesia for 52 gold pieces
  6911 | D:7      | Found Puufer's Distillery.
  6919 | D:7      | Bought a potion of lignification for 39 gold pieces
  6979 | D:7      | Bought 2 potions of degeneration for 26 gold pieces
  7058 | D:7      | Found Zeqero's Book Shop.
  7100 | D:7      | Found Guutueti's Gadget Shoppe.
  7182 | D:7      | Found Qagyuvau's Gadget Boutique.
  7232 | D:7      | Noticed Harold
  7320 | D:8      | Found a flagged portal.
  7459 | D:8      | Reached skill level 1 in Fighting
  7716 | D:8      | Reached skill level 9 in Stealth
  7761 | D:8      | Reached skill level 5 in Dodging
  7933 | Bailey   | Entered a bailey
  8027 | Bailey   | Reached *** piety under Dithmenos
  8114 | Bailey   | Reached XP level 10. HP: 47/47 MP: 6/22
  8389 | Bailey   | Found a roughly hewn altar of Beogh.
  8389 | Bailey   | Noticed an orc knight
  8393 | Bailey   | Killed an orc knight
  8396 | Bailey   | Reached skill level 10 in Stealth
  8497 | D:8      | Identified a scroll of acquirement {!r}
  8778 | D:9      | Found Veyn Vie's Armour Shoppe.
  8865 | D:9      | Found Wauruclu's Armour Shoppe.
  8869 | D:9      | Found Yxtetubb's Book Boutique.
  8908 | D:9      | Found Itirachagye's Food Emporium.
  9005 | D:9      | Found Ynleq's Magic Scroll Shoppe.
  9178 | D:9      | Found a runed door.
  9187 | D:9      | Noticed an ogre mage
  9189 | D:9      | Killed an ogre mage
  9189 | D:9      | Reached skill level 11 in Stealth
  9192 | D:9      | Noticed a deep elf mage
  9197 | D:9      | Killed a deep elf mage
  9209 | D:9      | Noticed a gargoyle
  9226 | D:9      | Killed a gargoyle
  9252 | D:9      | Noticed a yaktaur captain
  9254 | D:9      | Reached skill level 10 in Short Blades
  9256 | D:9      | Killed a yaktaur captain
  9256 | D:9      | Reached XP level 11. HP: 54/54 MP: 23/23
  9464 | D:9      | Reached skill level 12 in Stealth
  9551 | D:9      | Reached **** piety under Dithmenos
  9630 | D:9      | Got an ominously black robe
  9724 | D:9      | Identified the +1 robe of the Blizzard {rC+} (You found it
                  | on level 9 of the Dungeon)
  9758 | D:9      | Found a roughly hewn altar of Beogh.
  9844 | D:10     | Entered Level 10 of the Dungeon
  9845 | D:10     | Noticed Grum
  9863 | D:10     | Killed Grum
  9863 | D:10     | Reached skill level 5 in Fighting
 10449 | D:11     | Found a staircase to the Orcish Mines.
 10495 | D:11     | Reached skill level 10 in Dodging
 11023 | D:10     | Noticed Josephine
 11347 | D:10     | Found a staircase to the Lair.
 11452 | D:10     | Reached skill level 13 in Stealth
 11578 | D:10     | Killed Josephine
 11578 | D:10     | Reached ***** piety under Dithmenos
 11797 | D:11     | Identified the +7 chain mail of the Undertaker {rF+ rN+
                  | rCorr Str+3}
 12388 | D:11     | Noticed a green ugly thing
 12403 | D:11     | Killed a green ugly thing
 12403 | D:11     | Reached skill level 14 in Stealth
 12515 | D:11     | Noticed a green ugly thing
 12523 | D:11     | Reached XP level 12. HP: 62/62 MP: 16/24
 12877 | D:12     | Found a roughly hewn altar of Beogh.
 13202 | D:12     | Found a frozen archway.
 13204 | D:12     | Noticed an ice dragon
 13222 | D:12     | Reached skill level 15 in Stealth
 13382 | D:12     | Killed an ice dragon
 13396 | IceCv    | Entered an ice cave
 14277 | IceCv    | Got a smoking spear
 14346 | IceCv    | Learned a level 3 spell: Dazzling Spray
 15320 | D:13     | Noticed Snorg
 15324 | D:13     | Killed Snorg
 15395 | D:13     | Reached skill level 10 in Fighting
 15467 | D:13     | Reached XP level 13. HP: 69/72 MP: 21/25
 15823 | D:12     | Reached skill level 16 in Stealth
 16744 | D:11     | Reached skill level 17 in Stealth
 16871 | D:12     | Learned a level 2 spell: Blink
 16875 | D:12     | Learned a level 3 spell: Mephitic Cloud
 16879 | D:12     | Learned a level 3 spell: Regeneration
 16883 | D:12     | Learned a level 3 spell: Conjure Flame
 16924 | D:11     | Reached skill level 1 in Translocations
 17117 | D:13     | Noticed Sonja
 17119 | D:13     | Killed Sonja
 17119 | D:13     | Reached skill level 1 in Conjurations
 17465 | D:13     | Reached skill level 5 in Translocations
 17494 | D:13     | Identified the ring "Elamp" {MR+ Int+3 Dex+4}
 17866 | D:14     | Reached ****** piety under Dithmenos
 17977 | D:14     | Found a runed door.
 17977 | D:14     | Noticed a merfolk impaler
 17987 | D:14     | Found a runed warning-scrawled door.
 17998 | D:14     | Found a runed door.
 18035 | D:14     | Noticed Frances
 18042 | D:14     | Killed Frances
 18117 | D:14     | Found a gate to the Vaults.
 18595 | D:14     | Killed a merfolk impaler
 19047 | D:15     | Entered Level 15 of the Dungeon
 19309 | D:15     | Reached XP level 14. HP: 77/77 MP: 26/26
 19354 | D:15     | Reached skill level 18 in Stealth
 19446 | D:15     | Reached skill level 1 in Shields
 19571 | D:15     | Identified the +4 spear of the Dragonfly {freeze, +Blink
                  | rN+} (You found it in an ice cave)
 20386 | D:15     | Found a staircase to the Depths.
 20397 | D:15     | Reached skill level 19 in Stealth
 20762 | Depths:1 | Entered Level 1 of the Depths
 20785 | Depths:1 | Found a gateway to Hell.
 20785 | Depths:1 | Noticed a stone giant
 20836 | Depths:1 | Reached skill level 1 in Evocations
 20843 | Depths:1 | Noticed a stone giant
 20859 | Depths:2 | Found Soun's Distillery.
 20859 | Depths:2 | Noticed a stone giant
 20859 | Depths:2 | Noticed a fire giant
 20879 | Depths:2 | Identified the +0 faerie dragon scales {rCorr Str+5}
 20879 | Depths:2 | Noticed the Enchantress
 20879 | Depths:2 | Noticed a spriggan defender
 20879 | Depths:2 | Noticed a spriggan defender
 20879 | Depths:2 | Noticed a spriggan defender
 20879 | Depths:2 | Noticed a frost giant
 20885 | Depths:1 | Noticed a stone giant
 20892 | Depths:1 | Killed a stone giant
 20892 | Depths:1 | Reached skill level 5 in Shields
 21414 | Orc:1    | Entered Level 1 of the Orcish Mines
 21423 | Orc:2    | Entered Level 2 of the Orcish Mines
 21428 | Orc:2    | Found a staircase to the Elven Halls.
 21588 | Orc:1    | Reached skill level 5 in Evocations
 22333 | Orc:2    | Found Founnink's General Store.
 22369 | Orc:2    | Found Byehy's Magic Scroll Emporium.
 22700 | Orc:2    | Reached XP level 15. HP: 78/80 MP: 12/27
 22704 | Orc:2    | Found a roughly hewn altar of Beogh.
 22902 | Orc:2    | Found Gubip's Antique Armour Boutique.
 22902 | Orc:2    | Found Aryw's Weapon Emporium.
 23152 | Orc:2    | Bought a runed cloak for 157 gold pieces
 23783 | D:7      | Noticed Prince Ribbit
 23790 | D:7      | Killed Prince Ribbit
 23825 | D:7      | Bought a book of Party Tricks for 600 gold pieces
 23832 | D:7      | Learned a level 6 spell: Invisibility
 23887 | D:7      | Killed Harold
 24006 | D:7      | Found a runed door.
 24014 | D:7      | Noticed Crazy Yiuf
 24018 | D:7      | Killed Crazy Yiuf
 24231 | D:15     | Reached skill level 1 in Invocations
 24397 | Lair:1   | Entered Level 1 of the Lair of Beasts
 24430 | Lair:1   | Found a labyrinth entrance.
 24454 | Lair:1   | Found a dark tunnel.
 24463 | Volcano  | Entered a volcano
 24488 | Volcano  | Found a bloodstained altar of Trog.
 24786 | Lab      | Entered a labyrinth
 24922 | Lab      | Identified the ring "Plog" {rC+ MR+ Str+3 SInv Stlth-}
 25040 | Lair:1   | Reached skill level 5 in Invocations
 25796 | Lair:2   | Noticed Gastronok
 25798 | Lair:2   | Killed Gastronok
 26751 | Lair:3   | Found a hole to the Spider Nest.
 26973 | Lair:3   | Found a staircase to the Swamp.
 27461 | Spider:1 | Entered Level 1 of the Spider Nest
 28615 | Lair:5   | Got a sparkling tin ring
 28624 | Lair:5   | Identified the ring of Miqukor {rC+ Int+3} (You found it on
                  | level 5 of the Lair of Beasts)
 29259 | Lair:6   | Entered Level 6 of the Lair of Beasts
 29496 | Lair:6   | Reached XP level 16. HP: 85/85 MP: 29/29
 30019 | Lair:6   | Reached skill level 20 in Stealth
 30449 | Lair:6   | Learned a level 1 spell: Summon Butterflies
 30452 | Lair:6   | Learned a level 2 spell: Passwall
 30535 | Lair:6   | Found a staircase to the Slime Pits.
 31164 | Elf:1    | Entered Level 1 of the Elven Halls
 31799 | Elf:1    | Reached skill level 10 in Spellcasting
 31823 | Elf:1    | Reached skill level 10 in Invocations
 31869 | Elf:1    | Noticed Asterion
 31959 | Elf:1    | Killed Asterion
 32456 | Elf:2    | Found a runed door.
 32475 | Elf:2    | Reached skill level 21 in Stealth
 32480 | Elf:2    | Found a runed door.
 32597 | Elf:2    | Found the +10 zealot's sword {holy, *Rage rN+ EV+3}
 33393 | Elf:2    | Reached skill level 1 in Transmutations
 33410 | Elf:2    | Reached skill level 22 in Stealth
 33410 | Elf:2    | Reached skill level 1 in Earth Magic
 33411 | Elf:2    | Reached XP level 17. HP: 89/89 MP: 29/32
 33467 | Elf:2    | Noticed a deep elf blademaster
 33556 | Elf:2    | Killed a deep elf blademaster
 33986 | Elf:3    | Entered Level 3 of the Elven Halls
 34292 | Elf:3    | Noticed a deep elf blademaster
 34995 | Elf:3    | Reached skill level 5 in Transmutations
 35830 | Elf:3    | Noticed a deep elf master archer
 35843 | Elf:3    | Killed a deep elf blademaster
 35860 | Elf:3    | Killed a deep elf master archer
 35860 | Elf:3    | Reached skill level 23 in Stealth
 35995 | Elf:3    | Reached skill level 1 in Charms
 36483 | Elf:3    | Noticed a deep elf master archer
 36490 | Elf:3    | Killed a deep elf master archer
 36975 | Elf:3    | Reached skill level 5 in Charms
 36988 | Elf:3    | Noticed a Hell Sentinel
 37003 | Elf:3    | Noticed a deep elf master archer
 37004 | Elf:3    | Shot with an arrow by a deep elf master archer

Vault maps used:
D:1:      giann_horns
D:2:      minitemple, minmay_crystal_room, nrook_loot_triangle,
          chequers_big_river, grunt_gozag_breadcrumbs
D:3:      gammafunk_temple_of_torment
D:5:      minmay_temple_entry_trees, first_ration, serial_shops,
          kennysheep_little_box, minmay_lizard_king
D:6:      kennysheep_steamy, grunt_ministairs_3, minivault_27, uniq_pikel,
          uniq_sigmund
D:7:      serial_shops, nicolae_shop_window_shopping, shop, kennysheep_mini,
          shop_statue, nicolae_shop_waterfront, uniq_harold, uniq_menkaure,
          uniq_crazy_yiuf_cottage, uniq_prince_ribbit1
D:8:      enter_bailey_3, blue_anna_alchemist, hex_tiny
D:9:      serial_shops, shop, shop_fountains, shop, shop, shop_statue,
          special_room, kennysheep_pointless_box, minivault_13
D:10:     uniq_grum, uniq_josephine
D:11:     orc_0_dummy
D:12:     portal_ice_cave_entry_animals_and_master
D:13:     nicolae_benzene_ring, uniq_sonja, uniq_snorg
D:14:     david_vaults_5, serial_park_paths, mikee_hates_you, uniq_frances
D:15:     hangedman_depths_entry_try_elsewhere_first, hangedman_aviary
Temple:   eino_narrow_crystal_temple
Lair:1:   lab_entry_generic, enter_volcano_2, infiniplex_staircase_pool_2
Lair:2:   grunt_megastairs_4, uniq_gastronok
Lair:3:   swamp_mist_pool, dummy_spider_entry, grunt_forest_large_clearing_hut,
          infiniplex_staircase_pool
Lair:5:   ice2_lemuel, serial_bayou_shore_a
Lair:6:   minmay_lair_end_enchanted_forest, slime_dummy, serial_bayou_shore_b,
          minmay_lair_oklob_chamber, grunt_megastairs_5
Orc:2:    st_orc_town
Elf:1:    eino_elf_arrival_the_gate, hangedman_elf_disciples,
          roderic_lattice_octagonal_star, uniq_asterion
Elf:2:    st_stairs_4, minivault_25_ag
Elf:3:    nooodl_elf_gasket
Depths:1: hangedman_cross_stitches, serial_shops, nicolae_shop_window_shopping,
          chequers_serial_rivers_room_b, grunt_metal_band,
          chequers_serial_rivers_marsh, kennysheep_generic_room_12,
          uniq_saint_roka
Depths:2: angbandy_vault, serial_shops, nicolae_shop_statue_plus,
          columned_hall_lemuel, hellmouth_1, nicolae_blasting_shop,
          uniq_enchantress
Lab:      labyrinth_watery, nicolae_lab_swirl, nicolae_lab_x,
          nicolae_lab_statue, nicolae_lab_big_swirl, nicolae_lab_hexagon,
          nicolae_lab_very_dead_end, nicolae_lab_grate_2
Bailey:   bailey_polearm_2, bailey
IceCv:    ice_cave_tombish
Volcano:  kennysheep_volcano_temple

Skill      XL: |  1  2  3  4  5  6  7  8  9 10 11 12 13 14 15 16 17 |
---------------+----------------------------------------------------+-----
Spellcasting   | 3 6 7 8 10 | 10.0
Short Blades   | 2 3 4 6 8 10 | 10.0
Stealth        | 5 6 7 8 9 11 14 15 17 19 22 23 | 23.2
Hexes          | 4 5 7 9 10 | 10.0
Fighting       | 2 4 6 10 | 10.0
Dodging        | 5 8 11 13 | 13.0
Translocations | 9 |  9.0
Conjurations   | 4 |  4.0
Shields        | 6 7 |  7.2
Evocations     | 7 9 |  9.0
Invocations    | 8 11 12 | 12.0
Transmutations | 1 8 |  8.4
Earth Magic    | 1 4 |  4.0
Charms         | 5 |  5.4

Action                   |  1- 3 |  4- 6 |  7- 9 | 10-12 | 13-15 | 16-18 || total
-------------------------+-------+-------+-------+-------+-------+-------++-------
Melee: Dagger            |    19 |   137 |   323 |   646 |   688 |   589 ||  2402
       Rapier            |       |       |       |       |    33 |       ||    33
 Cast: Ensorcelled Hiber |     8 |    22 |    61 |   152 |   255 |    36 ||   534
       Corona            |     1 |       |       |       |       |       ||     1
       Confuse           |     1 |    28 |    26 |   125 |   112 |    28 ||   320
       Tukima's Dance    |       |       |     1 |       |       |       ||     1
       Dazzling Spray    |       |       |       |     8 |     4 |   140 ||   152
       Blink             |       |       |       |       |     1 |     5 ||     6
       Invisibility      |       |       |       |       |     2 |    11 ||    13
       Mephitic Cloud    |       |       |       |       |     2 |    22 ||    24
       Conjure Flame     |       |       |       |       |     2 |     5 ||     7
       Passwall          |       |       |       |       |       |    16 ||    16
       Regeneration      |       |       |       |       |       |     4 ||     4
Invok: Shadow Form       |       |       |       |     1 |       |     1 ||     2
       Shadow Step       |       |       |       |       |     2 |     2 ||     4
Evoke: Wand              |       |       |       |     3 |     1 |    10 ||    14
       Lightning rod     |       |       |       |       |     4 |       ||     4
  Use: Scroll            |       |     1 |     7 |    14 |    14 |     2 ||    38
       Potion            |       |       |     3 |     4 |     3 |     7 ||    17
 Stab: Sleeping          |     7 |    16 |    56 |   129 |   264 |    76 ||   548
       Confused          |     1 |     7 |    13 |    64 |    71 |    31 ||   187
       Distracted        |       |     1 |     3 |     2 |     4 |     5 ||    15
       Invisible         |       |       |       |    12 |     3 |    46 ||    61
  Eat: Ration            |       |     3 |     3 |     3 |     8 |     7 ||    24
Armor: Robe              |     1 |     5 |     6 |    14 |    10 |       ||    36
       Steam dragon scal |       |       |    13 |    26 |    19 |    22 ||    80
Dodge: Dodged            |     8 |    74 |   267 |   445 |   466 |   292 ||  1552
Block: Buckler           |       |       |       |       |   116 |   262 ||   378
       Reflection        |       |       |       |       |       |    15 ||    15

Table legend:
 A = Non-vault XP
 B = Vault XP
 C = Vault XP percentage of total XP
 D = Non-vault monster count
 E = Vault monster count
 F = Vault count percentage of total count
                 A         B        C        D         E       F
            +---------+---------+-------+---------+---------+-------
      Total |  123178 |  148702 |  54.7 |     587 |     383 |  39.5
            +---------+---------+-------+---------+---------+-------
        D:1 |      27 |       0 |   0.0 |      15 |       0 |   0.0
        D:2 |      65 |       0 |   0.0 |      22 |       0 |   0.0
        D:3 |     165 |     171 |  50.9 |      18 |       3 |  14.3
        D:4 |     266 |       0 |   0.0 |      23 |       0 |   0.0
        D:5 |     253 |     681 |  72.9 |      10 |      11 |  52.4
        D:6 |     586 |     769 |  56.8 |      17 |       6 |  26.1
        D:7 |     463 |    1175 |  71.7 |       9 |       3 |  25.0
        D:8 |    1565 |      99 |   5.9 |      31 |       5 |  13.9
        D:9 |    1586 |    4013 |  71.7 |      15 |      31 |  67.4
       D:10 |    1425 |    2113 |  59.7 |      18 |       7 |  28.0
       D:11 |    9633 |       0 |   0.0 |      64 |       0 |   0.0
       D:12 |    5739 |    4786 |  45.5 |      34 |      33 |  49.3
       D:13 |    7871 |    1915 |  19.6 |      45 |       2 |   4.3
       D:14 |    5903 |    5704 |  49.1 |      24 |       8 |  25.0
       D:15 |   11114 |   11727 |  51.3 |      28 |      15 |  34.9
     Lair:1 |    5084 |       0 |   0.0 |      22 |       0 |   0.0
     Lair:2 |    5965 |    2451 |  29.1 |      16 |       3 |  15.8
     Lair:3 |    3269 |    1090 |  25.0 |      13 |       3 |  18.8
     Lair:4 |    1726 |       0 |   0.0 |       5 |       0 |   0.0
     Lair:5 |    8759 |    2009 |  18.7 |      27 |      10 |  27.0
     Lair:6 |    7320 |   11764 |  61.6 |      31 |      56 |  64.4
   Spider:1 |     367 |       0 |   0.0 |       1 |       0 |   0.0
      Orc:1 |    6501 |       0 |   0.0 |      18 |       0 |   0.0
      Orc:2 |    1798 |    8633 |  82.8 |      19 |      54 |  74.0
      Elf:1 |    2014 |   10682 |  84.1 |       4 |      14 |  77.8
      Elf:2 |   15725 |   25598 |  61.9 |      27 |      32 |  54.2
      Elf:3 |   12384 |   36649 |  74.7 |      23 |      28 |  54.9
   Depths:1 |    5346 |     736 |  12.1 |       7 |       1 |  12.5
   Depths:2 |     259 |       0 |   0.0 |       1 |       0 |   0.0
        Lab |       0 |    2178 | 100.0 |       0 |       6 | 100.0
     Bailey |       0 |    2249 | 100.0 |       0 |      23 | 100.0
      IceCv |       0 |    4694 | 100.0 |       0 |      21 | 100.0
    Volcano |       0 |    6816 | 100.0 |       0 |       8 | 100.0
            +---------+---------+-------+---------+---------+-------
